 Dungeon Crawl Stone Soup version 0.22-a0-419-g492bfec (webtiles) character file.

10374 Borgoz the Cleaver (level 11, 0/68 HPs)
             Began as a Gargoyle Abyssal Knight on May 15, 2018.
             Was a Priest of Lugonu.
             Slain by an orc warrior (5 damage)
             ... in a bailey.
             The game lasted 00:24:57 (11600 turns).

Borgoz the Cleaver (Gargoyle Abyssal Knight)       Turns: 11600, Time: 00:24:58

Health: 0/68       AC: 16    Str: 16    XL:     11   Next: 61%
Magic:  8/16       EV: 14    Int: 13    God:    Lugonu [***...]
Gold:   253        SH:  0    Dex: 12    Spells: 10/10 levels left

rFire    . . .     SeeInvis +   a - +1 hand axe
rCold    . . .     Gourm    .   (no shield)
rNeg     + . .     Faith    .   d - +2 ring mail {MR+}
rPois    ∞         Spirit   .   (no helmet)
rElec    +         Reflect  .   (no cloak)
rCorr    .         Harm     .   (no gloves)
MR       +....     Clarity  +   (no boots)
Stlth    +.........             j - amulet of rage
HPRegen  0.21/turn              r - ring of poison resistance
MPRegen  0.15/turn              w - ring of see invisible

@: no status effects
A: clarity, negative energy resistance 1, screaming 1, electricity resistance,
unbreathing, petrification resistance, rot immunity, AC +8
a: Depart the Abyss, Bend Space, Banish, Renounce Religion, Evoke Berserk Rage


You were in a bailey.
You worshipped Lugonu.
Lugonu was most pleased with you.
You were hungry.

You visited 4 branches of the dungeon, and saw 12 of its levels.
You visited the Abyss 1 time.
You also visited: Bailey.

You collected 654 gold pieces.
You spent 401 gold pieces at shops.

Inventory:

Hand Weapons
 a - a +1 hand axe (weapon)
 b - a +2 mace of holy wrath
Armour
 d - a +2 ring mail of magic resistance (worn)
Jewellery
 j - an amulet of rage (around neck)
 r - a ring of poison resistance (left hand)
 w - a ring of see invisible (right hand)
Wands
 l - a wand of iceblast (4)
 m - a wand of polymorph (17)
 q - a wand of paralysis (8)
Scrolls
 f - 3 scrolls of amnesia
 g - 5 scrolls of teleportation
 i - 3 scrolls of remove curse
 k - 2 scrolls of blinking
 p - 3 scrolls of fog {unknown}
 t - 2 scrolls of enchant armour
 u - a scroll of magic mapping
Potions
 e - 2 potions of brilliance
 h - a potion of resistance
 n - a potion of lignification
 o - a potion of flight {unknown}
 v - 2 potions of magic
Miscellaneous
 s - a lamp of fire
Comestibles
 c - 15 rations
 x - 5 chunks of flesh


   Skills:
 + Level 7.8 Fighting
 * Level 8.7 Axes
 + Level 7.3 Armour
 * Level 7.8 Dodging
 + Level 7.3 Invocations
 + Level 4.8 Evocations


You had 10 spell levels left.
You didn't know any spells.
Your spell library contained the following spells:

 Spells                   Type           Power        Failure   Level  Hunger
 Cause Fear               Hex            #.........   99%         4    #####..
 Throw Frost              Conj/Ice       #.....       63%         2    ###....
 Freeze                   Ice            #...         47%         1    ##.....
 Summon Ice Beast         Ice/Summ       #.......     99%         4    #####..
 Ozocubu's Armour         Chrm/Ice       #.......     85%         3    ####...
 Deflect Missiles         Chrm/Air       #.........   100%        6    #######
 Throw Icicle             Conj/Ice       #.......     99%         4    #####..
 Silence                  Hex/Air        #.........   100%        5    ######.
 Discord                  Hex            #.........   100%        8    #######
 Yara's Violent Unravell  Hex/Tmut       #.........   100%        5    ######.


Dungeon Overview and Level Annotations

Branches:
Dungeon (9/15)             Temple (1/1) D:5            Lair (1/6) D:8
    Orc (1/2) D:9

Altars:
Ashenzari
Cheibriados
Dithmenos
Elyvilon
Fedhas
Gozag
Hepliaklqana
Kikubaaqudgha
Makhleb
Nemelex Xobeh
Okawaru
Qazlal
Ru
Sif Muna
Trog
Uskayaw
Vehumet
Wu Jian
Xom
Yredelemnul
Zin
The Shining One

Shops:
D:4 *   D:5 [


Innate Abilities, Weirdness & Mutations

You are resistant to torment.
Your stone body is resilient. (AC +8)
You are immune to poison.
You resist negative energy. (rN+)
You are resistant to electric shocks. (rElec)
You can survive without breathing.
You are immune to petrification.
You are immune to rotting.
You possess an exceptional clarity of mind.
You occasionally shout uncontrollably at your foes.


Message History

The orc warrior shoots a bolt.
The bolt hits you!!
You see here a bolt.
The orc warrior shoots a bolt.
The bolt closely misses you.
You see here a bolt.
The orc warrior shoots a bolt.
The bolt hits you.
You see here a bolt.
The orc warrior shoots a bolt.
The bolt hits you!!
* * * LOW HITPOINT WARNING * * *
You see here a bolt.
Press: ? - help, Shift-Dir - straight line, f - orc warrior
Aim: an orc warrior, wielding an arbalest and wearing a scale mail (chance to defeat MR: 85%)
The orc warrior barely resists.
You are feeling hungry.
The orc warrior unwields an uncursed arbalest.
The orc warrior barely misses you.
Press: ? - help, Shift-Dir - straight line, f/p - orc warrior
Aim: an orc warrior, wearing a scale mail (chance to defeat MR: 85%)
The orc warrior barely resists.
You feel somewhat more hungry. The orc warrior hits you.
You die...

#..... ..### ####....≈≈
......###......≈≈#.
≈...............≈#∩.
o≈...............≈.. o≈......
#.##≈...............≈## ##≈......
#.#≈≈..........)....≈≈#.#≈≈......
≈≈≈≈............o....≈≈≈≈≈.......
................@................
...............(.................
..............(..................
...............).................
.....).(..(.(..................∩.
...........((..(.(.(.(.((.(((.(.∩
#################################


You could see an orc warrior.

Vanquished Creatures
  5 two-headed ogres
  An orc sorcerer (Orc:1)
  A troll (Orc:1)
  Grinder (D:4)
  2 hippogriffs (D:8)
  A spriggan (D:8)
  A wyvern (D:8)
  2 yaks (D:9)
  2 hungry ghosts
  A warg (D:9)
  Duvessa (D:7)
  A water moccasin (D:7)
  A porcupine (D:8)
  A sky beast (D:8)
  2 phantoms
  3 black bears
  8 orc warriors
  6 ogres
  3 centaurs
  A crocodile (D:4)
  5 bullfrogs
  The ghost of Tiareth the Magician, an amateur DEWz (D:3)
  A big kobold (D:9)
  Dowan (D:7)
  4 scorpions
  5 killer bees (D:7)
  4 howler monkeys (D:8)
  4 crimson imps
  A centaur zombie (D:7)
  2 bullfrog zombies
  A hound (D:5)
  A jelly (D:8)
  3 orc priests
  4 orc wizards
  4 iguanas
  7 worker ants
  3 hound zombies
  A hound skeleton (D:5)
  8 adders
  8 gnolls
  2 worker ant zombies
  A shadow imp (D:8)
  4 oozes
  An adder skeleton (D:6)
  2 worms (D:2)
  3 dart slugs
  8 leopard geckos
  27 orcs
  2 ball pythons
  3 giant cockroaches
  15 goblins
  7 hobgoblins
  16 jackals
  14 kobolds
  3 quokkas
  7 bats
  9 frilled lizards
  A jackal zombie (D:5)
  2 quokka skeletons
  6 rats
  2 fungi (D:8)
247 creatures vanquished.

Vanquished Creatures (others)
  An oklob plant (Lair:1)
  3 yaks (D:9)
  2 fungi (D:8)
  3 plants
9 creatures vanquished.

Grand Total: 256 creatures vanquished

Notes
Turn   | Place    | Note
-------+----------+-------------------------------------------
     0 | Abyss:1  | Borgoz the Gargoyle Abyssal Knight began the quest for the Orb.
     0 | Abyss:1  | Reached XP level 1. HP: 14/14 MP: 2/2
    27 | Abyss:1  | Found a corrupted altar of Lugonu.
    81 | Abyss:2  | Noticed a green ugly thing
    81 | Abyss:2  | Noticed a green ugly thing
    87 | Abyss:2  | Noticed a wretched star
    88 | D:1      | Escaped the Abyss
   139 | D:1      | Reached skill level 1 in Dodging
   144 | D:1      | Reached XP level 2. HP: 9/19 MP: 3/3
   333 | D:1      | Reached skill level 2 in Axes
   336 | D:1      | Reached * piety under Lugonu
   485 | D:1      | Reached XP level 3. HP: 13/23 MP: 4/4
   941 | D:2      | Found a shadowy altar of Dithmenos.
   943 | D:2      | Found a stormy altar of Qazlal.
   944 | D:2      | Found a bloodstained altar of Trog.
  1005 | D:2      | Reached XP level 4. HP: 12/28 MP: 5/5
  1241 | D:2      | Found an opulent altar of Gozag.
  1567 | D:2      | Reached ** piety under Lugonu
  1814 | D:3      | Noticed Tiareth's ghost (amateur DEWz)
  1818 | D:3      | Gained mutation: Your body sometimes deteriorates upon taking damage. [potion of mutation]
  1818 | D:3      | Gained mutation: You have sharp toenails. [potion of mutation]
  1826 | D:3      | Reached skill level 3 in Axes
  1826 | D:3      | Reached XP level 5. HP: 14/33 MP: 7/7
  1829 | D:3      | Killed Tiareth's ghost
  1866 | D:3      | Lost mutation: Your body sometimes deteriorates upon taking damage. [potion of mutation]
  1866 | D:3      | Lost mutation: You have sharp toenails. [potion of mutation]
  1866 | D:3      | Gained mutation: You occasionally shout uncontrollably at your foes. [potion of mutation]
  1866 | D:3      | Gained mutation: You possess an exceptional clarity of mind. [potion of mutation]
  2276 | D:3      | You fall through a shaft!
  2370 | D:3      | Reached XP level 6. HP: 36/38 MP: 8/8
  2503 | D:2      | Found a blossoming altar of Fedhas.
  3529 | D:4      | Reached XP level 7. HP: 32/43 MP: 9/9
  3733 | D:4      | Noticed Grinder
  3748 | D:4      | Killed Grinder
  3748 | D:4      | Reached skill level 4 in Axes
  4043 | D:4      | Found Tupumool's General Store.
  4381 | D:5      | Entered Level 5 of the Dungeon
  4468 | D:5      | Found Siddocs's Antique Armour Shop.
  4799 | D:4      | Bought a +2 ring mail of magic resistance for 231 gold pieces
  5328 | D:5      | Reached XP level 8. HP: 45/48 MP: 11/11
  5461 | D:4      | Bought a potion of heal wounds for 55 gold pieces
  5907 | D:4      | Reached skill level 5 in Fighting
  6067 | D:5      | Reached skill level 5 in Axes
  6114 | D:5      | Found a staircase to the Ecumenical Temple.
  6215 | Temple   | Entered the Ecumenical Temple
  6530 | D:6      | Found a shimmering altar of Xom.
  6871 | D:6      | Reached skill level 1 in Evocations
  7270 | D:7      | Noticed Duvessa
  7284 | D:7      | Killed Duvessa
  7286 | D:7      | Noticed Dowan
  7319 | D:7      | Killed Dowan
  7365 | D:7      | Reached XP level 9. HP: 24/54 MP: 12/12
  7448 | D:7      | Reached *** piety under Lugonu
  7448 | D:7      | Reached skill level 5 in Armour
  7481 | D:7      | Reached skill level 5 in Dodging
  7481 | D:7      | Reached skill level 5 in Invocations
  7937 | D:7      | Reached skill level 6 in Axes
  8692 | D:4      | Bought a scroll of teleportation for 33 gold pieces
  8692 | D:4      | Bought a scroll of enchant armour for 82 gold pieces
  8940 | D:8      | Noticed a two-headed ogre
  8973 | D:8      | Reached XP level 10. HP: 35/61 MP: 14/14
  9181 | D:8      | Killed a two-headed ogre
  9181 | D:8      | Reached skill level 7 in Axes
  9236 | D:8      | Noticed a two-headed ogre
  9252 | D:8      | Killed a two-headed ogre
  9256 | D:8      | Noticed a two-headed ogre
  9281 | D:8      | Reached **** piety under Lugonu
  9635 | D:8      | Found a staircase to the Lair.
  9663 | Lair:1   | Entered Level 1 of the Lair of Beasts
  9663 | Lair:1   | Noticed an oklob plant
  9664 | Lair:1   | Banished an oklob plant
  9868 | D:8      | Noticed a two-headed ogre
  9876 | D:8      | Killed a two-headed ogre
  9876 | D:8      | Reached skill level 8 in Axes
  9876 | D:8      | Reached XP level 11. HP: 66/67 MP: 14/16
 10004 | D:8      | Killed a two-headed ogre
 10632 | D:9      | Noticed a two-headed ogre
 10639 | D:9      | Killed a two-headed ogre
 11109 | D:9      | Found a staircase to the Orcish Mines.
 11133 | Orc:1    | Entered Level 1 of the Orcish Mines
 11145 | Orc:1    | Found a flagged portal.
 11180 | Orc:1    | Noticed an orc sorcerer
 11279 | Orc:1    | Paralysed by an orc sorcerer for 4 turns
 11297 | Orc:1    | Killed an orc sorcerer
 11328 | Bailey   | Entered a bailey
 11600 | Bailey   | Slain by an orc warrior

Vault maps used:
D:1:      dpeg_arrival_fog, st_stairs_11
D:2:      grunt_gozag_breadcrumbs, gammafunk_temple_overflow_forgotten,
          fedhas_altar_4
D:3:      first_ration
D:4:      serial_shops, kennysheep_mini_moat,
          eino_small_chamber_without_monster, small_statue_intersection,
          minmay_crystal_room, uniq_grinder
D:5:      temple_hall, serial_shops, shop, minmay_lizard_king
D:6:      basic_altar, corexii_leaking_fountain, serial_park_tiny_2
D:7:      grunt_ministairs_11, uniq_duvessa
D:8:      cheibrodos_ideogram_h, grunt_lair_entry_orc_guard_hut, the_bakery,
          minivault_22
D:9:      david_orc_3, minmay_misc_feat_ornament
Temple:   eino_narrow_crystal_temple
Lair:1:   st_stairs_9, dpeg_stationary_puzzle
Orc:1:    basic_altar, enter_bailey_3
Bailey:   bailey_polearm_2, bailey

Skill      XL: |  1  2  3  4  5  6  7  8  9 10 11 |
---------------+----------------------------------+-----
Dodging        | 1 2 3 4 5 7 |  7.8
Axes           | 2 3 4 5 6 8 |  8.7
Fighting       | 4 5 6 7 |  7.8
Armour         | 3 4 5 6 7 |  7.3
Invocations    | 3 4 5 6 7 |  7.3
Evocations     | 1 2 4 |  4.8

Action                   |  1- 3 |  4- 6 |  7- 9 | 10-12 || total
-------------------------+-------+-------+-------+-------++-------
Melee: Hand axe          |   140 |   185 |   553 |   451 ||  1329
       Kick              |       |     3 |       |       ||     3
       Mace              |       |       |     6 |       ||     6
Invok: Depart the Abyss  |     1 |       |       |       ||     1
       Banish            |       |       |       |     7 ||     7
 Abil: Evoke Berserk Rag |       |       |    13 |    10 ||    23
  Use: Potion            |       |     4 |     2 |     3 ||     9
       Scroll            |       |       |    11 |     6 ||    17
  Eat: Chunk             |       |     9 |    22 |    21 ||    52
       Ration            |       |       |     2 |     1 ||     3
Armor: Leather armour    |    74 |    66 |    19 |       ||   159
       Ring mail         |       |       |   283 |   154 ||   437
       Skin              |       |       |       |    76 ||    76
Dodge: Dodged            |    99 |   123 |   376 |   316 ||   914

Table legend:
 A = Spawn XP
 B = Non-spawn XP
 C = Spawn XP percentage of total XP
 D = Spawn monster count
 E = Non-spawn monster count
 F = Spawn count percentage of total count
 G = Total turns spent on level
                    A         B        C        D         E        F      G
               +---------+---------+-------+---------+---------+-------+---------
         Total |       0 |   14821 |   0.0 |       0 |     249 |   0.0 | 11600
               +---------+---------+-------+---------+---------+-------+---------
           D:1 |       0 |      55 |   0.0 |       0 |      30 |   0.0 |   749
           D:2 |       0 |     133 |   0.0 |       0 |      25 |   0.0 |  1414
           D:3 |       0 |     199 |   0.0 |       0 |      19 |   0.0 |   949
           D:4 |       0 |     623 |   0.0 |       0 |      10 |   0.0 |  1758
           D:5 |       0 |     592 |   0.0 |       0 |      25 |   0.0 |  1414
           D:6 |       0 |     474 |   0.0 |       0 |      19 |   0.0 |   850
           D:7 |       0 |    1864 |   0.0 |       0 |      37 |   0.0 |  1301
           D:8 |       0 |    6772 |   0.0 |       0 |      45 |   0.0 |  1709
           D:9 |       0 |    2683 |   0.0 |       0 |      25 |   0.0 |   519
        Lair:1 |       0 |     286 |   0.0 |       0 |       1 |   0.0 |   160
         Orc:1 |       0 |     993 |   0.0 |       0 |      10 |   0.0 |   195
        Bailey |       0 |     147 |   0.0 |       0 |       3 |   0.0 |   272
               +---------+---------+-------+---------+---------+-------+---------
